Map: Blackburn LE

Players

uThermal - Winner!

  • Race: Terran Terran

Vanya

  • Race: Zerg Zerg

Event: DreamHack SC2 Masters 2021 Winter

VOD

Have the link to the VOD?

Description

Time

  • Played on: Oct. 13, 2021, 2:23 p.m.
  • Length: 14:40

All games in this series

Show
View Real Time Build Order
Export as new Build Order

uThermal Terran - Winner!

Build Orders: Reaper Expand, Hellion Banshee 

Get SALT Encoding   

  12  0:00  SCV  
  13  0:12  SCV  
  14  0:18  Supply Depot  
  14  0:24  SCV  
  15  0:40  SCV, Barracks  
  16  0:44  Refinery  
  16  0:52  SCV  
  17  1:04  SCV  
  18  1:16  SCV  
  19  1:28  Reaper, Orbital Command  
  20  1:39  Command Center  
  20  1:48  Supply Depot  
  20  1:54  SCV  
  20  1:59  Marine  
  22  2:06  SCV  
  23  2:09  Factory  
  23  2:18  SCV  
  23  2:21  Barracks Reactor  
  24  2:30  SCV  
  25  2:41  Command Center  
  25  2:43  SCV  
  26  2:52  Orbital Command  
  26  2:55  SCV  
  27  3:01  Starport  
  27  3:07  SCV  
  27  3:08  Refinery  
  27  3:12  Hellion  
  30  3:17  SCV  
  33  3:20  Hellion  
  33  3:22  SCV  
  33  3:25  Barracks Tech Lab  
  34  3:30  SCV  
  35  3:34  SCV  
  35  3:36  Hellion  
  35  3:41  Hellion  
  40  3:44  SCV  
  40  3:46  SCV  
  42  3:48  Banshee  
  42  3:53  Orbital Command  
  45  3:56  SCV  
  45  3:57  Cloaking Field  
  45  3:59  SCV  
  45  4:01  Hellion  
  49  4:04  Hellion  
  51  4:10  SCV  
  51  4:11  Supply Depot  
  51  4:12  SCV  
  52  4:19  SCV  
  52  4:22  SCV  
  52  4:23  Barracks Tech Lab  
  54  4:25  SCV  
  55  4:31  Banshee  
  55  4:32  SCV  
  55  4:34  SCV  
  55  4:38  SCV, Factory Reactor  
  59  4:42  Marine  
  59  4:44  SCV  
  59  4:46  SCV  
  59  4:50  SCV  
  59  4:52  Engineering Bay  
  59  4:56  SCV  
  59  5:00  Marine  
  59  5:04  SCV  
  59  5:05  SCV  
  60  5:07  Barracks x2  
  60  5:08  SCV  
  58  5:16  Stimpack, SCV  
  58  5:17  SCV  
  58  5:18  Marine  
  58  5:20  SCV  
  60  5:22  Engineering Bay x2  
  58  5:28  SCV  
  58  5:29  SCV  
  58  5:32  SCV  
  58  5:34  Siege Tank  
  64  5:35  Marine  
  64  5:40  SCV  
  64  5:41  SCV  
  67  5:43  Supply Depot  
  67  5:44  Refinery  
  67  5:47  Refinery  
  67  5:50  Terran Infantry Weapons Level 1, Terran Infantry Armor Level 1  
  67  5:52  Orbital Command  
  67  5:53  SCV x2  
  67  5:54  Supply Depot  
  69  6:02  Starport Reactor, Barracks  
  69  6:03  Barracks  
  69  6:04  Marine  
  69  6:05  SCV  
  69  6:06  SCV  
  72  6:12  Marine x4  
  72  6:13  Supply Depot  
  72  6:17  SCV, Siege Tank  
  72  6:18  SCV  
  81  6:21  SCV  
  81  6:22  Marine  
  83  6:27  Supply Depot  
  83  6:29  SCV  
  83  6:30  Marine  
  85  6:34  Marine x2  
  85  6:35  SCV  
  85  6:36  Supply Depot  
  85  6:37  Supply Depot  
  85  6:38  Marine  
  89  6:40  Medivac  
  89  6:41  Medivac  
  93  6:48  SCV x2  
  93  6:49  SCV  
  93  6:51  Barracks Tech Lab x2  
  93  6:53  Siege Tank  
  99  6:56  Marine  
  99  6:57  Supply Depot  
  99  6:59  Marine x2  
  102  7:02  Bunker, Marine  
  102  7:03  Marine  
  102  7:05  SCV  
  105  7:10  Marauder, Supply Depot  
  105  7:11  Combat Shield  
  105  7:13  SCV  
  105  7:14  Marine  
  109  7:16  Medivac  
  113  7:24  Supply Depot, SCV  
  113  7:25  Refinery  
  113  7:26  Marine  
  113  7:27  Marine  
  116  7:30  Marine x2  
  116  7:31  SCV  
  116  7:36  Siege Tank  
  122  7:37  SCV  
  122  7:38  Marine  
  122  7:39  Marauder  
  122  7:42  Supply Depot, Concussive Shells  
  122  7:43  Marine  
  127  7:47  Armory  
  127  7:48  Marauder, Marine  
  127  7:49  SCV  
  127  7:50  Marine  
  127  7:51  Missile Turret, Marine  
  131  7:53  SCV  
  131  7:55  Medivac  
  131  7:58  Refinery  
  134  8:00  Marine x3  
  137  8:06  Supply Depot  
  137  8:08  Supply Depot  
  137  8:10  Marauder  
  137  8:18  Marauder, Marine x2  
  137  8:19  Marauder  
  141  8:25  Supply Depot  
  141  8:26  Supply Depot  
  141  8:28  Supply Depot, Siege Tank, Marine  
  141  8:31  Marauder  
  151  8:34  SCV  
  151  8:37  Supply Depot  
  151  8:40  Marauder x2, Terran Infantry Weapons Level 2, Terran Infantry Armor Level 2  
  152  8:41  Marine x2  
  154  8:49  Command Center  
  154  8:52  Marauder  
  154  8:54  Marine  
  154  8:55  Marine  
  158  8:57  Medivac  
  158  9:01  Marauder, Supply Depot  
  164  9:03  Siege Tank  
  164  9:04  Marine x2  
  164  9:08  Medivac  
  164  9:09  Marine  
  170  9:12  Marine  
  170  9:17  Marauder, Terran Vehicle Weapons Level 1, Marine  
  174  9:27  Medivac  
  174  9:28  Marauder, Marine x2  
  178  9:34  Supply Depot  
  178  9:36  Siege Tank, Marine  
  178  9:37  Marauder, Marine  
  178  9:38  Medivac  
  187  9:39  Marine  
  188  9:46  Marine  
  188  9:50  Marauder  
  191  9:56  Medivac, Marine  
  191  9:59  Marine  
  194  10:03  Barracks x2  
  194  10:05  Barracks  
  195  10:08  Siege Tank  
  195  10:10  Marine  
  195  10:12  Marine  
  188  10:29  Marine  
  188  10:30  Marauder  
  188  10:33  Medivac  
  189  10:36  Medivac  
  189  10:40  Siege Tank  
  189  10:42  Planetary Fortress, Marine  
  181  10:43  Marauder, SCV, Marine x3  
  181  10:44  SCV  
  181  10:47  Marine  
  190  10:51  Marauder  
  190  10:52  Barracks Tech Lab  
  190  10:53  Barracks Tech Lab x2  
  192  11:00  Marine x2  
  192  11:01  Marauder  
  192  11:03  Medivac  
  186  11:05  Marauder  
  186  11:06  Medivac  
  186  11:08  Marine x2  
  180  11:12  Siege Tank, Marine  
  180  11:13  Marauder x3  
  180  11:18  Command Center, Marine x2  
  190  11:30  Marine x2  
  190  11:31  Marauder  
  179  11:33  Medivac  
  179  11:35  Marine x3  
  179  11:36  Marauder x2, Medivac  
  179  11:39  SCV  
  188  11:40  SCV  
  188  11:41  Marine  
  188  11:44  Siege Tank  
  188  11:45  Marine  
  194  11:52  Marauder  
  194  11:54  Marauder  
  197  12:02  Marine  
  197  12:03  Marauder  
  200  12:14  Marine  
  179  12:35  Medivac  
  161  12:39  SCV  
  161  12:40  Siege Tank, Marine x2  
  161  12:41  Marauder  
  169  12:44  Medivac  
  161  12:54  Marine  
  161  12:55  Marauder, Marine x2  
  161  12:56  Marauder  
  153  12:59  Marine  
  153  13:00  Marauder  
  145  13:11  Marine x2  
  145  13:12  Marauder, SCV x2, Siege Tank  
  150  13:13  Planetary Fortress  
  150  13:14  Marauder, SCV, Marine x2  
  150  13:16  Marauder  
  150  13:18  Liberator x2, SCV  
  164  13:20  Marine  
  164  13:21  Marauder  
  164  13:22  Command Center  
  164  13:24  Command Center  
  158  13:30  Marine  
  158  13:31  Marauder  
  158  13:33  Marauder x2, Marine x2  
  151  13:42  Marine x2  
  151  13:43  Marauder x2, SCV  
  151  13:44  Siege Tank  
  151  13:48  Marine  
  161  13:53  Marine x3  
  161  13:54  Marauder  
  163  13:58  SCV  
  163  13:59  SCV x2  
  163  14:01  Medivac x2  
  170  14:05  Marine x2  
  170  14:06  Marauder x2, Marine  
  170  14:07  SCV  
  178  14:11  Marine x2  
  178  14:12  Marauder  
  178  14:13  SCV x2, Marine  
  178  14:16  Marauder  
Show
View Real Time Build Order
Export as new Build Order

Vanya Zerg 

Build Orders: Hatch First 

Get SALT Encoding   

  12  0:00  Drone  
  13  0:12  Overlord  
  13  0:17  Drone  
  14  0:30  Drone x2  
  16  0:48  Hatchery  
  15  0:51  Drone  
  15  0:55  Drone  
  17  0:58  Drone  
  18  1:08  Extractor  
  17  1:13  Spawning Pool  
  17  1:17  Drone  
  17  1:20  Drone  
  18  1:28  Drone  
  19  1:38  Drone  
  20  1:49  Drone  
  21  2:00  Queen x2  
  21  2:01  Zergling x4  
  27  2:12  Overlord  
  27  2:13  Drone  
  28  2:23  Hatchery  
  28  2:26  Drone  
  28  2:31  Drone  
  28  2:35  Metabolic Boost  
  28  2:37  Drone  
  28  2:42  Drone  
  30  2:46  Queen  
  30  2:51  Overlord  
  32  2:55  Drone  
  32  2:56  Drone  
  34  2:58  Drone  
  35  3:10  Drone x2  
  37  3:14  Drone x2  
  37  3:16  Drone  
  37  3:17  Extractor, Roach Warren  
  37  3:19  Drone  
  39  3:20  Drone  
  39  3:26  Drone  
  41  3:31  Overlord  
  41  3:42  Zergling x4  
  41  3:43  Zergling x4  
  41  3:44  Overlord  
  45  3:58  Roach x6  
  45  4:00  Overlord  
  57  4:07  Drone x3  
  57  4:08  Drone  
  61  4:12  Overlord  
  61  4:16  Drone  
  61  4:17  Drone x2  
  64  4:28  Drone x7  
  71  4:37  Queen  
  73  4:40  Queen  
  73  4:44  Drone x2  
  75  4:48  Queen  
  75  4:50  Overlord  
  75  4:51  Drone  
  78  4:53  Drone  
  78  4:55  Drone  
  78  4:56  Drone  
  79  5:02  Drone x3  
  81  5:07  Overlord  
  81  5:08  Drone  
  81  5:11  Drone  
  81  5:13  Drone  
  81  5:14  Drone x3  
  81  5:16  Lair  
  81  5:21  Spore Crawler  
  80  5:22  Spore Crawler  
  80  5:23  Spore Crawler  
  80  5:24  Zergling x8  
  80  5:27  Spore Crawler  
  75  5:29  Drone x2, Extractor  
  75  5:35  Extractor  
  75  5:36  Extractor  
  75  5:38  Evolution Chamber  
  75  5:39  Evolution Chamber, Extractor  
  75  5:40  Drone  
  75  5:41  Drone x2  
  74  5:48  Zergling x4  
  74  5:49  Zergling x8  
  80  5:53  Drone  
  81  5:57  Drone x3  
  81  6:00  Hatchery  
  81  6:01  Overlord  
  81  6:02  Drone  
  84  6:06  Zerg Missile Weapons Level 1, Zerg Ground Armor Level 1  
  84  6:10  Drone  
  85  6:18  Drone x4  
  87  6:21  Overseer  
  87  6:22  Drone x2  
  87  6:25  Drone x3, Glial Reconstitution  
  90  6:35  Roach x4  
  97  6:46  Overlord x4  
  97  6:53  Drone x2  
  96  6:57  Overlord  
  96  7:02  Overlord  
  96  7:03  Roach  
  96  7:05  Roach, Overlord  
  96  7:06  Roach  
  102  7:15  Roach x5  
  112  7:23  Roach x5  
  112  7:24  Ravager  
  112  7:25  Ravager x2  
  125  7:32  Roach x2  
  125  7:33  Roach x3  
  135  7:37  Overlord  
  135  7:38  Roach x3  
  135  7:42  Overlord  
  141  7:44  Ravager x2  
  141  7:45  Ravager x4  
  141  7:50  Roach  
  141  7:51  Roach x4  
  157  7:57  Ravager  
  157  7:58  Ravager x2  
  160  8:01  Zerg Melee Weapons Level 1, Zerg Ground Armor Level 2  
  160  8:04  Baneling Nest  
  159  8:07  Roach  
  159  8:08  Roach x3  
  159  8:11  Overlord x2  
  167  8:19  Drone x3  
  168  8:28  Drone, Hatchery  
  168  8:29  Overlord x2  
  168  8:30  Drone x4  
  168  8:31  Drone  
  173  8:36  Infestation Pit, Ravager  
  173  8:38  Zergling x8  
  177  8:42  Overlord  
  177  8:47  Drone x2  
  177  8:48  Zergling x10  
  181  8:53  Centrifugal Hooks  
  182  9:02  Zergling x18  
  191  9:09  Drone x2  
  190  9:12  Drone  
  190  9:13  Drone x7  
  190  9:14  Baneling  
  190  9:15  Baneling x4  
  198  9:19  Hive  
  196  9:30  Baneling x16  
  196  9:33  Drone  
  196  9:37  Zergling x6  
  196  9:38  Spore Crawler  
  199  9:42  Baneling x9  
  199  9:49  Zergling x2  
  200  9:57  Overseer  
  200  10:05  Baneling x6  
  200  10:07  Zerg Melee Weapons Level 2  
  200  10:12  Extractor  
  199  10:18  Zergling x2  
  197  10:32  Zergling x6  
  197  10:39  Zergling x2  
  197  10:40  Zergling x22  
  198  10:48  Adrenal Glands  
  198  10:49  Zerg Ground Armor Level 3  
  198  10:53  Zergling x6, Ultralisk Cavern  
  193  11:02  Zergling x2  
  193  11:03  Zergling x34  
  187  11:08  Viper x2  
  187  11:09  Drone  
  187  11:10  Drone x6  
  188  11:15  Zergling x20  
  193  11:23  Zergling x10  
  196  11:29  Zergling x6  
  193  11:43  Baneling  
  193  11:44  Baneling x21, Chitinous Plating  
  193  11:54  Hatchery  
  193  11:57  Zergling x14  
  185  12:01  Zergling x26  
  185  12:04  Baneling x10  
  185  12:08  Drone x7  
  190  12:17  Ultralisk  
  190  12:18  Ultralisk  
  193  12:27  Zergling x18  
  168  12:33  Zergling x12  
  168  12:36  Queen x2  
  147  12:38  Ultralisk  
  144  12:44  Ultralisk  
  144  12:45  Zergling x6  
  144  12:47  Zergling x2  
  137  12:56  Zergling x12  
  124  13:03  Anabolic Synthesis  
  108  13:10  Ultralisk  
  111  13:19  Zergling x12  
  111  13:28  Zergling x12  
  107  13:37  Zergling x10  
  103  13:43  Zergling x6  
  106  13:53  Ultralisk, Zergling x6  
  106  14:00  Baneling  
  106  14:01  Baneling x8  
  104  14:06  Drone x3  
  107  14:11  Zergling x6  
  107  14:15  Zergling x4  

Tags
 
Add a new tag
Caveats
  • Supply blocks, unpowered buildings, or Contaminate may cause inaccurate times.
  • Supply counts are checked every 10 seconds.